[Event "9th Sharjah Cup Women 2018"]
[Site "Sharjah"]
[Date "2018.12.15"]
[Round "2"]
[White "Choksi, Khushi"]
[Black "Nguyen, Thi Mai Hung"]
[Result "0-1"]
[ECO "D04"]
[WhiteElo "1589"]
[BlackElo "2280"]
[Annotator "NA"]
[PlyCount "76"]
[EventDate "2018.12.14"]
[EventType "swiss"]
[EventCountry "UAE"]
[SourceTitle "playchess.com"]
[Source "ChessBase"]
[SourceQuality "1"]
[TimeControl "5400+30"]

1. d4 d5 2. Nf3 Nf6 3. e3 Bg4 4. c4 e6 5. a3 {[%emt 0:04:08] D04: Colle System} c6 6. Nbd2 (6. Nc3 Nbd7 7. h3 Bh5 8. g4 Bg6 9. Nh4 Bd6 10. Nxg6 hxg6 11. g5 Nh5 12. Rg1 dxc4 13. Bxc4 Nb6 14. Bb3 e5 {1-0 (25) Tabatabaei,M (2566)-Sibashvili,G (2412) Teheran 2017}) 6... Nbd7 7. h3 Bh5 8. Be2 Bd6 9. O-O Ne4 $146 ({Predecessor:} 9... Rc8 10. b3 Bb8 11. Bb2 Ne4 12. Ne5 Bxe2 13. Qxe2 Nxd2 14. Qxd2 {½-½ (39) Marton,G (2075)-Varga,T (2090) Hungary 2011}) 10. cxd5 exd5 11. Nxe4 dxe4 12. Nd2 Bxe2 13. Qxe2 f5 14. Nc4 Bc7 15. Qh5+ g6 16. Qh6 Qe7 17. f4 (17. Bd2 $15) 17... exf3 $1 18. Rxf3 O-O-O 19. b4 Nf6 20. Qh4 Qe6 21. Nd2 Rhe8 22. Bb2 Qd6 23. Nf1 Re4 24. Qg3 Qe6 25. Qf2 Nd5 26. Re1 {[%emt 0:01:47] [#]} (26. Nd2 $142 Rxe3 27. Rxe3 Qxe3 28. Qxe3 Nxe3 29. Rc1) 26... f4 $1 27. Qd2 Re8 28. Bc1 g5 29. Qd3 h5 30. Rf2 g4 31. hxg4 hxg4 32. Rfe2 g3 33. Nd2 Rxe3 34. Rxe3 fxe3 35. Nf1 Bf4 $19 (35... Qf6 $142 36. Bxe3 Nxe3) 36. Qe2 Rh8 37. Bxe3 Bxe3+ 38. Nxe3 Rh1+ 0-1

[Event "9th Sharjah Cup Women 2018"]
[Site "Sharjah"]
[Date "2018.12.15"]
[Round "2"]
[White "Amal Fadel S M Alshamsi"]
[Black "Enkhtuul, Altan-Ulzii"]
[Result "0-1"]
[ECO "B01"]
[WhiteElo "1520"]
[BlackElo "2267"]
[Annotator "ChessBase"]
[PlyCount "94"]
[EventDate "2018.12.14"]
[EventType "swiss"]
[EventCountry "UAE"]
[SourceTitle "playchess.com"]
[Source "ChessBase"]
[SourceQuality "1"]
[TimeControl "5400+30"]

1. e4 d5 2. exd5 Nf6 3. d4 Nxd5 4. c4 Nb6 5. Nc3 c6 6. Be3 g6 7. Nf3 Bg4 8. h3 Bxf3 9. Qxf3 Bg7 10. Rd1 O-O 11. Be2 Nc8 12. O-O Nd7 13. Bf4 Nd6 14. d5 c5 15. a3 Rc8 16. Bxd6 exd6 17. Nb5 a6 18. Nc3 f5 19. Rfe1 Ne5 20. Qf4 Qd7 21. Nb1 b5 22. b3 bxc4 23. bxc4 Qa4 24. Rc1 Rb8 25. Bd1 Qa5 26. Bc2 Rb2 27. Re2 Nf7 28. Qd2 Qxd2 29. Nxd2 Bh6 30. g3 Bxd2 31. Rxd2 Ne5 32. Re2 Nf3+ 33. Kg2 Nd4 34. Rd2 Nb3 35. Bxb3 Rxd2 36. Re1 Rb8 37. Re3 Kf7 38. g4 f4 39. Rf3 g5 40. h4 h6 41. hxg5 hxg5 42. Ba4 Rbb2 43. Bb3 Kf6 44. Kf1 Rb1+ 45. Kg2 Ke5 46. Rc3 Kd4 47. Bc2 Rb2 0-1

[Event "9th Sharjah Cup Women 2018"]
[Site "Sharjah"]
[Date "2018.12.15"]
[Round "2"]
[White "Al-Hammadi, Maryam Hussein"]
[Black "Abdulla, Khayala"]
[Result "0-1"]
[ECO "B40"]
[WhiteElo "1354"]
[BlackElo "2190"]
[Annotator "NA"]
[PlyCount "60"]
[EventDate "2018.12.14"]
[EventType "swiss"]
[EventCountry "UAE"]
[SourceTitle "playchess.com"]
[Source "ChessBase"]
[SourceQuality "1"]
[TimeControl "5400+30"]

1. e4 c5 2. Nf3 e6 3. d3 Nc6 4. Nbd2 d6 5. g3 g6 6. Bg2 Bg7 7. O-O Nge7 8. c3 O-O 9. Nh4 {[%emt 0:02:21] LiveBook: 5 Games} b5 {[%emt 0:04:24] A04: Unusual lines after 1 Nf3 and King's Indian Attack} (9... b6 10. f4 f5 11. exf5 exf5 12. Re1 d5 13. Ndf3 Qd6 14. d4 Bb7 15. Be3 Rad8 16. Bf2 Kh8 17. dxc5 bxc5 {½-½ (25) Strikovic,A (2504)-Farago,I (2447) Helensburgh 2013}) 10. f4 b4 11. Qc2 bxc3 12. bxc3 Nb4 13. Qb3 Nxd3 14. Rb1 $146 ({Predecessor:} 14. f5 Be5 15. Ndf3 Nxc1 16. Raxc1 Nc6 17. Nxe5 Nxe5 {1-0 (39) Stojkov,S-Arbuzov,I (1799) Rybinsk 2009}) 14... Ba6 15. Qa4 {[%emt 0:09:43] [#]} Qc8 $1 ({Worse is} 15... Bxc3 16. Qxa6 Bd4+ 17. Kh1 $16) 16. Qc2 Nxc1 17. Rfxc1 d5 18. Kh1 Qc7 19. exd5 (19. c4 $17 {was called for.}) 19... Nxd5 20. Qa4 Bd3 $19 ({And not} 20... Nxc3 21. Qxa6 Nxb1 22. Rxb1 $11) 21. Rb3 Rad8 22. Bxd5 exd5 23. Nf1 Rfe8 24. Rb2 d4 25. cxd4 Bxd4 26. Rd2 Qb7+ 27. Ng2 Be4 28. h3 Bxg2+ 29. Rxg2 Re2 30. Rc2 Qxg2# 0-1

[Event "9th Sharjah Cup Women 2018"]
[Site "Sharjah"]
[Date "2018.12.15"]
[Round "2"]
[White "Khalil, Reem"]
[Black "Mona, Khaled"]
[Result "0-1"]
[ECO "C50"]
[WhiteElo "1297"]
[BlackElo "2158"]
[Annotator "NA"]
[PlyCount "62"]
[EventDate "2018.12.14"]
[EventType "swiss"]
[EventCountry "UAE"]
[SourceTitle "playchess.com"]
[Source "ChessBase"]
[SourceQuality "1"]
[TimeControl "5400+30"]

1. e4 e5 2. Nf3 Nc6 3. Bc4 Bc5 4. d3 Nf6 5. Nbd2 d6 6. c3 Be6 7. Bb5 O-O 8. Ba4 Ne7 9. O-O Ng6 10. d4 Bb6 11. Re1 Qc8 12. Nf1 Bg4 13. Ne3 Bxf3 ({Wrong is} 13... Nxe4 $2 14. Nxg4 Qxg4 15. h3 $18) 14. Qxf3 exd4 15. Nf5 dxc3 16. Nh6+ ({White should try} 16. Re2 $15) 16... Kh8 $19 17. Bg5 Qe6 18. Bb3 Qe5 19. Bxf6 Qxf6 20. Nxf7+ Rxf7 21. Bxf7 Qxf3 22. gxf3 Ne5 23. Bh5 g6 24. f4 Nd3 25. Red1 cxb2 26. Rab1 Nxf2 27. Rd5 Nxe4+ 28. Kg2 Nc3 29. Rd2 Nxb1 30. Rxb2 gxh5 31. Rxb1 Re8 0-1

[Event "9th Sharjah Cup Women 2018"]
[Site "Sharjah"]
[Date "2018.12.15"]
[Round "3"]
[White "Szczepkowska, Karina"]
[Black "Stetsko, Lanita"]
[Result "1-0"]
[ECO "D39"]
[WhiteElo "2408"]
[BlackElo "2194"]
[Annotator "NA"]
[PlyCount "94"]
[EventDate "2018.12.14"]
[EventType "swiss"]
[EventCountry "UAE"]
[SourceTitle "playchess.com"]
[Source "ChessBase"]
[SourceQuality "1"]
[TimeControl "5400+30"]

1. d4 Nf6 2. c4 e6 3. Nf3 d5 4. Bg5 Bb4+ 5. Nc3 dxc4 6. e4 c5 7. Bxc4 cxd4 8. Nxd4 Qa5 9. Bb5+ Bd7 10. Bxf6 gxf6 11. Bxd7+ Nxd7 12. O-O Rd8 13. Nce2 Qe5 14. Qc2 O-O 15. Rad1 Kh8 16. Nf3 Qc5 17. Qb3 Qb6 18. a3 Be7 19. Qc2 Ne5 20. Ned4 Bc5 21. Nxe5 Bxd4 22. Nf3 Bc5 23. g3 Be7 24. Kg2 Rc8 25. Qe2 Rfd8 26. Rxd8+ Rxd8 27. Rc1 Kg7 28. Qc2 Bd6 29. Qe2 Be7 30. Rc3 Qa5 31. Qc2 Bd6 32. Rc4 a6 33. e5 Bxe5 34. Rc5 Qb6 35. Nxe5 fxe5 36. Rxe5 f6 37. Re4 Rd5 38. Qc8 Qc6 39. Qxc6 bxc6 40. Rxe6 Rc5 41. Kf3 a5 42. Re7+ Kg6 43. Re2 h5 44. h3 Rb5 45. Rc2 Rb3+ 46. Kf4 a4 47. h4 Rb5 1-0

[Event "9th Sharjah Cup Women 2018"]
[Site "Sharjah"]
[Date "2018.12.15"]
[Round "3"]
[White "Bulmaga, Irina"]
[Black "Soyunlu, Narmin"]
[Result "1-0"]
[ECO "A46"]
[WhiteElo "2391"]
[BlackElo "2078"]
[Annotator "NA"]
[PlyCount "89"]
[EventDate "2018.12.14"]
[EventType "swiss"]
[EventCountry "UAE"]
[SourceTitle "playchess.com"]
[Source "ChessBase"]
[SourceQuality "1"]
[TimeControl "5400+30"]

1. d4 Nf6 2. Nf3 e6 3. e3 b6 4. Bd3 Bb7 5. O-O c5 6. c4 Be7 7. Nc3 O-O 8. d5 exd5 9. cxd5 d6 10. e4 Na6 11. Re1 Nc7 12. Nd2 a6 13. a4 Rb8 14. f4 Re8 15. b3 Ba8 16. Bb2 Bf8 17. Qf3 b5 18. axb5 axb5 19. Rad1 Rb6 20. Bc2 Qb8 21. Nf1 Ra6 22. e5 dxe5 23. fxe5 Nfxd5 24. Nxd5 Nxd5 25. Rxd5 Ra2 26. Rb1 Bxd5 27. Qxd5 g6 28. Ne3 c4 29. bxc4 Rd8 30. Qe4 Bc5 31. Kf1 Rd2 32. Bc3 Bxe3 33. Bxd2 Bxd2 34. cxb5 Bc3 35. e6 f5 36. Qd3 Qf4+ 37. Kg1 Bd4+ 38. Kh1 Be5 39. g3 Qd4 40. Qxd4 Bxd4 41. e7 Ra8 42. Bb3+ Kg7 43. b6 Bc5 44. Re1 Re8 45. b7 1-0

[Event "9th Sharjah Cup Women 2018"]
[Site "Sharjah"]
[Date "2018.12.15"]
[Round "3"]
[White "Gevorgyan, Irina"]
[Black "Babayan, Armine"]
[Result "1/2-1/2"]
[ECO "A05"]
[WhiteElo "2301"]
[BlackElo "2189"]
[Annotator "NA"]
[PlyCount "67"]
[EventDate "2018.12.14"]
[EventType "swiss"]
[EventCountry "UAE"]
[SourceTitle "playchess.com"]
[Source "ChessBase"]
[SourceQuality "1"]
[TimeControl "5400+30"]

1. Nf3 Nf6 2. c4 e6 3. Nc3 d5 4. e3 c6 5. b3 Nbd7 6. Qc2 Bd6 7. Bb2 Rb8 8. d4 Bb4 9. Bd3 c5 10. O-O cxd4 11. exd4 O-O 12. c5 Re8 13. a3 Bxc3 14. Bxc3 Nf8 15. Ne5 N6d7 16. f4 f6 17. Nf3 f5 18. Ne5 Nf6 19. Bb2 Qc7 20. b4 N8d7 21. Rac1 Ne4 22. b5 Nxe5 23. dxe5 Bd7 24. Bd4 Rec8 25. Qb2 Qa5 26. Rfd1 a6 27. a4 Ra8 28. Rc2 axb5 29. axb5 Qa3 30. Qxa3 Rxa3 31. Bxe4 fxe4 32. Rb2 Rca8 33. Kf2 Ra2 34. Rdb1 1/2-1/2

[Event "9th Sharjah Cup Women 2018"]
[Site "Sharjah"]
[Date "2018.12.15"]
[Round "3"]
[White "Gu, Xiaobing"]
[Black "Berke, Ana"]
[Result "1-0"]
[ECO "B40"]
[WhiteElo "2295"]
[BlackElo "2151"]
[Annotator "NA"]
[PlyCount "102"]
[EventDate "2018.12.14"]
[EventType "swiss"]
[EventCountry "UAE"]
[SourceTitle "playchess.com"]
[Source "ChessBase"]
[SourceQuality "1"]
[TimeControl "5400+30"]

1. e4 c5 2. Nf3 e6 3. c3 Nf6 4. e5 Nd5 5. Bc4 Nc6 6. O-O d6 7. d4 cxd4 8. cxd4 Be7 9. Qe2 O-O 10. Rd1 a6 11. a3 b5 12. Bb3 Bb7 13. Nbd2 Qc7 14. Bxd5 exd5 15. Nf1 Rad8 16. Bf4 Qd7 17. Rd3 Qg4 18. Qd2 a5 19. exd6 Bxd6 20. Ne5 Bxe5 21. dxe5 Qe6 22. Re1 Rfe8 23. Bg5 f6 24. Bh4 Rd7 25. f4 fxe5 26. fxe5 d4 27. Bg3 Rf7 28. Qc2 Qc4 29. Qd1 Rfe7 30. b3 Qc5 31. Qc1 Qxc1 32. Rxc1 b4 33. axb4 axb4 34. Nd2 Ba6 35. Nc4 Bxc4 36. Rxc4 Nxe5 37. Bxe5 Rxe5 38. Rcxd4 Rf8 39. h4 Rb5 40. Re4 Rb7 41. Rdd4 Rfb8 42. Rf4 g6 43. Kf2 Kg7 44. Ke3 Rc8 45. Rc4 Rcb8 46. g4 Re8+ 47. Kd3 Rd8+ 48. Rcd4 Rdb8 49. g5 Kg8 50. Rd5 Kg7 51. Rfd4 Kf7 1-0

[Event "9th Sharjah Cup Women 2018"]
[Site "Sharjah"]
[Date "2018.12.15"]
[Round "3"]
[White "Nguyen, Thi Mai Hung"]
[Black "Ovezdurdiyeva, Jemal"]
[Result "1-0"]
[ECO "A45"]
[WhiteElo "2280"]
[BlackElo "2114"]
[Annotator "NA"]
[PlyCount "53"]
[EventDate "2018.12.14"]
[EventType "swiss"]
[EventCountry "UAE"]
[SourceTitle "playchess.com"]
[Source "ChessBase"]
[SourceQuality "1"]
[TimeControl "5400+30"]

1. d4 Nf6 2. Bf4 g6 3. e3 Bg7 4. Nf3 d6 5. c3 O-O 6. Nbd2 c5 7. Be2 cxd4 8. exd4 Nc6 9. O-O Re8 10. Nc4 Nd5 11. Bg3 e5 12. Re1 b5 13. dxe5 dxe5 14. Ncxe5 Nxe5 15. Nxe5 a6 16. Bf3 Bb7 17. Qb3 Rc8 18. Rad1 Rc5 19. h3 Ba8 20. Nd3 Rc4 21. Ne5 Rc5 22. a4 Re6 23. Nd3 bxa4 24. Qa2 Rc8 25. Bg4 Rxe1+ 26. Nxe1 f5 27. Bf3 1-0

[Event "9th Sharjah Cup Women 2018"]
[Site "Sharjah"]
[Date "2018.12.15"]
[Round "3"]
[White "Enkhtuul, Altan-Ulzii"]
[Black "Asatryan, Sona"]
[Result "1-0"]
[ECO "A46"]
[WhiteElo "2267"]
[BlackElo "2089"]
[Annotator "NA"]
[PlyCount "61"]
[EventDate "2018.12.14"]
[EventType "swiss"]
[EventCountry "UAE"]
[SourceTitle "playchess.com"]
[Source "ChessBase"]
[SourceQuality "1"]
[TimeControl "5400+30"]

1. d4 Nf6 2. Nf3 d5 3. c4 e6 4. g3 Bb4+ 5. Bd2 Bd6 6. Bg2 O-O 7. O-O Nbd7 8. c5 Be7 9. Qc2 c6 10. Nc3 e5 11. dxe5 Ng4 12. Bf4 Nxc5 13. h3 g5 14. Bxg5 Bxg5 15. hxg4 Bxg4 16. Nxd5 Bxf3 17. exf3 Qxd5 18. f4 Qe6 19. Qxc5 Be7 20. Qc2 Rad8 21. Be4 h5 22. Qe2 Qh6 23. Kg2 f5 24. exf6 Bxf6 25. Rh1 h4 26. Qg4+ Kf7 27. Bc2 Ke7 28. Rae1+ Kd6 29. Re6+ Kc7 30. Rxh4 Qg7 31. Rh7 {[%emt 0:00:29] Kd6} 1-0

[Event "9th Sharjah Cup Women 2018"]
[Site "Sharjah"]
[Date "2018.12.15"]
[Round "3"]
[White "Drljevic, Ljilja"]
[Black "Kejzar, Petra"]
[Result "0-1"]
[ECO "B30"]
[WhiteElo "2208"]
[BlackElo "2062"]
[Annotator "NA"]
[PlyCount "80"]
[EventDate "2018.12.14"]
[EventType "swiss"]
[EventCountry "UAE"]
[SourceTitle "playchess.com"]
[Source "ChessBase"]
[SourceQuality "1"]
[TimeControl "5400+30"]

1. e4 c5 2. Nf3 Nc6 3. d3 g6 4. g3 Bg7 5. Bg2 d6 6. O-O e5 7. c3 Nge7 8. a3 O-O 9. b4 a6 10. Nbd2 b6 11. Re1 h6 12. Bb2 Bg4 13. Nc4 Rc8 14. Ne3 Be6 15. Qd2 d5 16. exd5 Nxd5 17. Nc4 Qc7 18. bxc5 bxc5 19. Rac1 Rb8 20. Ba1 Nde7 21. Qe2 Bxc4 22. dxc4 Rb3 23. Nd2 Rxa3 24. Ne4 Qa5 25. Bb2 Ra2 26. Rc2 Rb8 27. Bc1 Nd4 28. Rxa2 Nxe2+ 29. Rexe2 Qc7 30. Be3 Rb1+ 31. Bf1 f5 32. Nxc5 f4 33. gxf4 exf4 34. Ne6 Qc6 35. Reb2 Rxb2 36. Rxb2 Qxe6 37. Bxf4 Be5 38. Bxh6 Qg4+ 39. Bg2 Nf5 40. f3 Qh4 0-1

[Event "9th Sharjah Cup Women 2018"]
[Site "Sharjah"]
[Date "2018.12.15"]
[Round "3"]
[White "Hallaeva, Bahar"]
[Black "Khukhashvili, Sopiko"]
[Result "1-0"]
[ECO "C55"]
[WhiteElo "2133"]
[BlackElo "2338"]
[Annotator "NA"]
[PlyCount "81"]
[EventDate "2018.12.14"]
[EventType "swiss"]
[EventCountry "UAE"]
[SourceTitle "playchess.com"]
[Source "ChessBase"]
[SourceQuality "1"]
[TimeControl "5400+30"]

1. e4 e5 2. Nf3 Nc6 3. Bc4 Nf6 4. d3 h6 5. c3 d6 6. Nbd2 g5 7. h3 Bg7 8. Nf1 Ne7 9. Ng3 O-O 10. Bb3 Bd7 11. Be3 Qc8 12. Qd2 Ng6 13. O-O-O Be6 14. Bxe6 Qxe6 15. Kb1 d5 16. h4 g4 17. Bxh6 dxe4 18. Bxg7 Kxg7 19. Ng5 Qc6 20. Nf5+ Kh8 21. Ne6 Nf4 22. Nxf4 exf4 23. Qxf4 Nh5 24. Qxg4 Qg6 25. Qxe4 Rfe8 26. Qf3 Re5 27. g4 Rae8 28. Ne3 Ng7 29. h5 Qh6 30. Qxf7 R8e7 31. Qf8+ Kh7 32. Nd5 R7e6 33. f4 Rxd5 34. g5 Rxg5 35. fxg5 Qxg5 36. Rdg1 Rf6 37. Rxg5 Rxf8 38. h6 Ne6 39. Re5 Rf6 40. d4 c6 41. Ree1 1-0

[Event "9th Sharjah Cup Women 2018"]
[Site "Sharjah"]
[Date "2018.12.15"]
[Round "3"]
[White "Alieva, Alexandra"]
[Black "Velikic, Adela"]
[Result "0-1"]
[ECO "C07"]
[WhiteElo "2102"]
[BlackElo "2298"]
[Annotator "NA"]
[PlyCount "46"]
[EventDate "2018.12.14"]
[EventType "swiss"]
[EventCountry "UAE"]
[SourceTitle "playchess.com"]
[Source "ChessBase"]
[SourceQuality "1"]
[TimeControl "5400+30"]

1. e4 e6 2. d4 d5 3. Nd2 c5 4. c3 cxd4 5. cxd4 dxe4 6. Nxe4 Nf6 7. Nc3 Bd7 8. Nf3 Bc6 9. Bd3 Nbd7 10. O-O Be7 11. Bc2 Qc7 12. Bg5 O-O 13. Qd3 Rfd8 14. Bh4 Rac8 15. Rfe1 Qb6 16. Ng5 Nf8 17. Rad1 Qxb2 18. Bb3 Bb4 19. Rc1 Bd5 20. Bxd5 Rxc3 21. Qb1 Rxc1 22. Rxc1 Qxb1 23. Rxb1 Nxd5 0-1

[Event "9th Sharjah Cup Women 2018"]
[Site "Sharjah"]
[Date "2018.12.15"]
[Round "3"]
[White "Patil, Mitali"]
[Black "Kulkarni Bhakti"]
[Result "0-1"]
[ECO "C01"]
[WhiteElo "2081"]
[BlackElo "2283"]
[Annotator "NA"]
[PlyCount "96"]
[EventDate "2018.12.14"]
[EventType "swiss"]
[EventCountry "UAE"]
[SourceTitle "playchess.com"]
[Source "ChessBase"]
[SourceQuality "1"]
[TimeControl "5400+30"]

1. e4 e6 2. d4 d5 3. exd5 exd5 4. Bd3 Nc6 5. c3 Bd6 6. Qf3 Nge7 7. Ne2 O-O 8. Bg5 Qd7 9. h3 Re8 10. Nd2 Rb8 11. O-O h6 12. Bf4 Nd8 13. Qg3 Bxf4 14. Nxf4 Qd6 15. Rfe1 Ne6 16. Nh5 Qxg3 17. Nxg3 Nf4 18. Bc2 Bd7 19. Nf3 Neg6 20. Re3 Rxe3 21. fxe3 Ne6 22. Bxg6 fxg6 23. Ne5 Be8 24. Rf1 Rd8 25. Ne2 Nf8 26. Nf4 g5 27. Nfd3 b6 28. Kf2 Nh7 29. Ke1 Nf6 30. Nb4 Rd6 31. Rf3 Bb5 32. Nbd3 a5 33. Nf2 Be8 34. Nfd3 Kf8 35. Ng4 Ke7 36. Nde5 Bh5 37. Rf1 Ne4 38. Rf5 Be8 39. Nf2 Nf6 40. Kd2 Bh5 41. Neg4 Bg6 42. Rf3 c5 43. Ne5 Bh7 44. Rg3 Kf8 45. Rf3 Kg8 46. Nfd3 Be4 47. Rf2 c4 48. Ne1 Bb1 0-1

[Event "9th Sharjah Cup Women 2018"]
[Site "Sharjah"]
[Date "2018.12.15"]
[Round "3"]
[White "Mezioud, Amina"]
[Black "Zozulia, Anna"]
[Result "1-0"]
[ECO "B06"]
[WhiteElo "2065"]
[BlackElo "2270"]
[Annotator "NA"]
[PlyCount "92"]
[EventDate "2018.12.14"]
[EventType "swiss"]
[EventCountry "UAE"]
[SourceTitle "playchess.com"]
[Source "ChessBase"]
[SourceQuality "1"]
[TimeControl "5400+30"]

1. e4 g6 2. d4 Bg7 3. Be3 d6 4. Nc3 a6 5. Qd2 Nd7 6. Nf3 b6 7. Be2 Bb7 8. Ng5 h6 9. Nh3 Ngf6 10. f3 c5 11. a4 cxd4 12. Bxd4 Rc8 13. Nf2 h5 14. f4 e5 15. Be3 Nc5 16. Bf3 O-O 17. O-O exf4 18. Bxf4 Ne8 19. Rfd1 Ne6 20. Be2 Nc5 21. Ra3 Qe7 22. Be3 Qc7 23. Bh6 Nd7 24. Bxg7 Kxg7 25. Qd4+ Ne5 26. Bxh5 Qc5 27. Be2 Qxd4 28. Rxd4 Nd7 29. Bd1 Nc5 30. Nd5 Bxd5 31. Rxd5 Rc6 32. b4 Nd7 33. Be2 Rxc2 34. Bxa6 Nc7 35. Rxd6 Nxa6 36. Rxd7 Nxb4 37. h3 Na6 38. Rd6 Nc5 39. Rxb6 Rc4 40. a5 Nxe4 41. Nxe4 Rxe4 42. Rb7 Ra8 43. a6 Kf8 44. a7 Re7 45. Rb8+ Re8 46. Rxe8+ Kxe8 1-0

[Event "9th Sharjah Cup Women 2018"]
[Site "Sharjah"]
[Date "2018.12.15"]
[Round "3"]
[White "Samaganova, Alexandra"]
[Black "Kiolbasa, Oliwia"]
[Result "0-1"]
[ECO "A10"]
[WhiteElo "2038"]
[BlackElo "2244"]
[Annotator "NA"]
[PlyCount "50"]
[EventDate "2018.12.14"]
[EventType "swiss"]
[EventCountry "UAE"]
[SourceTitle "playchess.com"]
[Source "ChessBase"]
[SourceQuality "1"]
[TimeControl "5400+30"]

1. c4 b6 2. Nf3 Bb7 3. e3 Nf6 4. b3 e6 5. Bb2 d5 6. Nc3 a6 7. Be2 Bd6 8. O-O O-O 9. Qc2 Nbd7 10. Rfd1 Qe7 11. Rac1 c5 12. d4 dxc4 13. bxc4 cxd4 14. exd4 Rac8 15. Qb3 Rfd8 16. Na4 b5 17. cxb5 Bd5 18. Qd3 axb5 19. Rxc8 Rxc8 20. Qxb5 Rb8 21. Qa6 Ra8 22. Qb5 Ne8 23. Rc1 Nc7 24. Rxc7 Bxc7 25. Bc1 Ra5 0-1

[Event "9th Sharjah Cup Women 2018"]
[Site "Sharjah"]
[Date "2018.12.15"]
[Round "3"]
[White "Boshra, Alshaeby"]
[Black "Mkrtchian, Lilit"]
[Result "0-1"]
[ECO "E32"]
[WhiteElo "2019"]
[BlackElo "2392"]
[Annotator "NA"]
[PlyCount "74"]
[EventDate "2018.12.14"]
[EventType "swiss"]
[EventCountry "UAE"]
[SourceTitle "playchess.com"]
[Source "ChessBase"]
[SourceQuality "1"]
[TimeControl "5400+30"]

1. d4 Nf6 2. c4 e6 3. Nc3 Bb4 4. Qc2 b6 5. a3 Bxc3+ 6. Qxc3 Bb7 7. Bg5 h6 8. Bh4 g5 9. Bg3 Ne4 10. Qc2 d6 11. e3 f5 12. Ne2 h5 13. f3 h4 14. fxe4 Bxe4 15. Qc3 hxg3 16. d5 Rxh2 17. Rxh2 gxh2 18. Qh8+ Kd7 19. dxe6+ Kc8 20. Qxh2 Qf6 21. Nd4 Nc6 22. c5 Nxd4 23. Ba6+ Bb7 24. e7 Nc2+ 25. Kd2 Qxe7 26. c6 Bxa6 27. Qh8+ Qd8 28. Rh1 Bb5 29. Qc3 Nxe3 30. Rh8 Nc4+ 31. Kc1 Ne5 32. Rxd8+ Kxd8 33. Qb3 Bxc6 34. Qg8+ Kd7 35. Qg7+ Kc8 36. Qxg5 Be4 37. a4 a5 0-1

[Event "9th Sharjah Cup Women 2018"]
[Site "Sharjah"]
[Date "2018.12.15"]
[Round "3"]
[White "Novikova, Margarita"]
[Black "Mira, Husain Al Hammadi"]
[Result "1-0"]
[ECO "D02"]
[WhiteElo "2017"]
[BlackElo "1084"]
[Annotator "NA"]
[PlyCount "75"]
[EventDate "2018.12.14"]
[EventType "swiss"]
[EventCountry "UAE"]
[SourceTitle "playchess.com"]
[Source "ChessBase"]
[SourceQuality "1"]
[TimeControl "5400+30"]

1. d4 d5 2. Nf3 Nf6 3. Bf4 Bf5 4. e3 e6 5. Bd3 Bg6 6. Ne5 Bd6 7. c4 Bxe5 8. Bxe5 c6 9. cxd5 cxd5 10. Bxg6 hxg6 11. Qb3 Qb6 12. Qxb6 axb6 13. Nc3 Nbd7 14. Bd6 Ra6 15. Nb5 Ra5 16. a4 Ne4 17. Bb4 Ra8 18. Nc7+ Kd8 19. Nxa8 Kc8 20. a5 bxa5 21. Bxa5 g5 22. Nb6+ Nxb6 23. Bxb6 Kd7 24. f3 Nf6 25. Rc1 Ra8 26. O-O Ra6 27. Bc5 Rc6 28. b4 b6 29. b5 Rc8 30. Bxb6 Rb8 31. Rc7+ Ke8 32. Bc5 Rxb5 33. Ra1 Rb8 34. Re7+ Kf8 35. Rb7+ Ke8 36. Rxb8+ Kd7 37. Ra7+ Kc6 38. Rb6# {[%emt 0:00:06] Ng8 Rxc6} 1-0

[Event "9th Sharjah Cup Women 2018"]
[Site "Sharjah"]
[Date "2018.12.15"]
[Round "3"]
[White "Alattar, Ghayda M."]
[Black "Alyazya hamad R Alkharoossi"]
[Result "1-0"]
[ECO "C50"]
[WhiteElo "1944"]
[BlackElo "1079"]
[Annotator "NA"]
[PlyCount "75"]
[EventDate "2018.12.14"]
[EventType "swiss"]
[EventCountry "UAE"]
[SourceTitle "playchess.com"]
[Source "ChessBase"]
[SourceQuality "1"]
[TimeControl "5400+30"]

1. e4 e5 2. Nf3 Nc6 3. Bc4 Bc5 4. d3 Nf6 5. O-O h6 6. c3 d6 7. b4 Bb6 8. h3 O-O 9. Re1 Be6 10. Bb5 Re8 11. d4 exd4 12. cxd4 a6 13. Ba4 Bd7 14. Bxc6 Bxc6 15. d5 Bb5 16. Nc3 c5 17. a3 cxb4 18. axb4 a5 19. Nxb5 axb4 20. Rxa8 Qxa8 21. Nxd6 Rd8 22. e5 Nd7 23. e6 fxe6 24. dxe6 Nf6 25. e7 Rb8 26. Qb3+ Kh8 27. Qf7 Qa7 28. e8=Q+ Rxe8 29. Nxe8 Bxf2+ 30. Kh1 Nh5 31. Qxh5 b6 32. Rf1 Bc5 33. Ne5 Qe7 34. Ng6+ Kh7 35. Nxe7 Bxe7 36. Qf7 Bf6 37. Nxf6+ Kh8 38. Qg8# 1-0

[Event "9th Sharjah Cup Women 2018"]
[Site "Sharjah"]
[Date "2018.12.15"]
[Round "3"]
[White "Mouza, Nasser Alshamsi"]
[Black "Greibrokk, Ingrid"]
[Result "0-1"]
[ECO "B23"]
[WhiteElo "1292"]
[BlackElo "1857"]
[Annotator "NA"]
[PlyCount "66"]
[EventDate "2018.12.14"]
[EventType "swiss"]
[EventCountry "UAE"]
[SourceTitle "playchess.com"]
[Source "ChessBase"]
[SourceQuality "1"]
[TimeControl "5400+30"]

1. e4 c5 2. Nc3 Nc6 3. f4 g6 4. Nf3 Bg7 5. Bb5 e6 6. Bxc6 bxc6 7. d3 d5 8. exd5 cxd5 9. d4 cxd4 10. Nxd4 Ne7 11. O-O O-O 12. Be3 Ba6 13. Rf2 Rb8 14. b3 Qc7 15. Qd2 Rfc8 16. Nce2 Nf5 17. Ng3 Nxe3 18. Qxe3 Qc5 19. Rd1 Rb4 20. Rfd2 Bxd4 21. Rxd4 Rxd4 22. Qxd4 Qxd4+ 23. Rxd4 Rxc2 24. Ra4 Bb5 25. Rxa7 d4 26. Ra8+ Kg7 27. Rd8 d3 28. Nf1 Rxa2 29. Rd4 Re2 30. b4 Bc6 31. Rxd3 Rxg2+ 32. Kh1 Rg3+ 33. Rf3 Bxf3# 0-1

[Event "9th Sharjah Cup Women 2018"]
[Site "Sharjah"]
[Date "2018.12.15"]
[Round "3"]
[White "Essa, Shahad"]
[Black "Bauyrzhan, Arnash"]
[Result "0-1"]
[ECO "B43"]
[WhiteElo "1080"]
[BlackElo "1978"]
[Annotator "NA"]
[PlyCount "52"]
[EventDate "2018.12.14"]
[EventType "swiss"]
[EventCountry "UAE"]
[SourceTitle "playchess.com"]
[Source "ChessBase"]
[SourceQuality "1"]
[TimeControl "5400+30"]

1. e4 c5 2. Nf3 e6 3. d4 cxd4 4. Nxd4 a6 5. Nc3 Qc7 6. Be2 Nf6 7. O-O Nc6 8. Be3 Be7 9. Rc1 b5 10. a3 Bb7 11. f4 d6 12. Bf3 Na5 13. Qd3 Rc8 14. Bd2 Nc4 15. Rb1 O-O 16. Be1 Nd7 17. b3 Nxa3 18. Ra1 b4 19. Nce2 Nc5 20. Qd2 Nxe4 21. Qxb4 d5 22. Qa4 Nxc2 23. Nxc2 Qxc2 24. Qd7 Bc5+ 25. Kh1 Bc6 26. Qxc8 Rxc8 0-1

[Event "9th Sharjah Cup Women 2018"]
[Site "Sharjah"]
[Date "2018.12.16"]
[Round "4"]
[White "Socko, Monika"]
[Black "Mork, Ramona"]
[Result "1-0"]
[ECO "B12"]
[WhiteElo "2458"]
[BlackElo "1755"]
[Annotator "ChessBase"]
[PlyCount "81"]
[EventDate "2018.12.14"]
[EventType "swiss"]
[EventCountry "UAE"]
[SourceTitle "playchess.com"]
[Source "ChessBase"]
[SourceQuality "1"]
[TimeControl "5400+30"]

1. e4 c6 2. d4 d5 3. e5 Bf5 4. Nd2 h6 5. Ngf3 e6 6. Nb3 Nd7 7. Be2 Ne7 8. O-O Bh7 9. a4 Ng6 10. a5 Be7 11. a6 b6 12. c4 O-O 13. cxd5 cxd5 14. Be3 Rc8 15. Qd2 f6 16. exf6 Nxf6 17. Bd3 Ne4 18. Qe2 Qd6 19. g3 Rf7 20. Nbd2 Nxd2 21. Bxd2 Bf6 22. Rac1 Rff8 23. Bb4 Qd7 24. Bxf8 Nxf8 25. Bxh7+ Kxh7 26. Ne5 Qe8 27. Qd3+ Kg8 28. Qe3 Be7 29. Rxc8 Qxc8 30. h4 Qxa6 31. Qf4 Bf6 32. Ng4 Bd8 33. Qb8 Be7 34. Qc7 Bb4 35. Ne5 b5 36. Rc1 Bd6 37. Qf7+ Kh8 38. Ng6+ Nxg6 39. Qxg6 Bf8 40. Qf7 Qd6 41. Rc8 1-0